 Dungeon Crawl Stone Soup version 0.28.0-45-g0d030f2227 (webtiles) character file.

Game seed: 5198259395830390514

198 boopmooplesden the Slasher (level 5, -6/48 HPs)
             Began as a Minotaur Berserker on Apr 18, 2022.
             Was a Believer of Trog.
             Killed by an exploding goblin (19 damage)
             ... ignited by their inner flame
             ... on level 2 of the Dungeon.
             The game lasted 00:02:52 (1957 turns).

boopmooplesden the Slasher (Minotaur Berserker)     Turns: 1957, Time: 00:02:52

Health: -6/48      AC:  9    Str: 22    XL:     5   Next: 47%
Magic:  4/4        EV: 10    Int:  4    God:    Trog [**....]
Gold:   17         SH:  0    Dex: 11    Spells: 4/4 levels left

rFire   . . .      SeeInvis .   a - +0 falchion
rCold   + . .      Faith    .   (no shield)
rNeg    . . .      Spirit   .   l - +3 scale mail {rC+}
rPois   .          Reflect  .   (helmet restricted)
rElec   .          Harm     .   (no cloak)
rCorr   .          Rampage  .   (no gloves)
Will    .....                   (no boots)
Stlth   ..........              f - amulet of the acrobat
HPRegen 0.16/turn               (no ring)
MPRegen 0.09/turn               (no ring)

@: on berserk cooldown, slowed, very slow
A: horns 2, retaliatory headbutt
a: Renounce Religion, Berserk, Trog's Hand


You were on level 2 of the Dungeon.
You worshipped Trog.
Trog was pleased with you.
You visited 1 branch of the dungeon, and saw 3 of its levels.

You collected 39 gold pieces.
You spent 22 gold pieces at shops.

Inventory:

Hand Weapons
 a - a +0 falchion (weapon)
Armour
 b - a +0 animal skin
 l - a +3 scale mail of cold resistance (worn)
Jewellery
 c - an amulet of guardian spirit
 f - an amulet of the acrobat (around neck)
 j - a ring of willpower
Potions
 d - a potion of flight
 g - a potion of heal wounds {unknown}
 h - a potion of might
 i - a potion of curing {unknown}
 m - a potion of attraction {unknown}


   Skills:
 + Level 5.1 Fighting
 + Level 5.7 Long Blades
 + Level 3.6 Armour
 + Level 2.6 Dodging
 + Level 0.1 Stealth


You had 4 spell levels left.
You didn't know any spells.
Your spell library was empty.

Dungeon Overview and Level Annotations

Branches:
Dungeon (3/15)

Altars:

Shops:
D:1 :?*[

Annotations:
D:3 Robin


Innate Abilities, Weirdness & Mutations

You have a pair of horns on your head.
You reflexively headbutt those who attack you in melee.


Message History

The goblin completely misses you.
Okay, then.
As you read the scroll labelled UNIOJU PYRRIR, it crumbles to dust.
It is a scroll of enchant armour.
Your +2 scale mail of cold resistance glows green for a moment.
The goblin hits you but does no damage.
As you read the scroll labelled POMAZO GOSEPU, it crumbles to dust.
The creatures around you are filled with an inner flame!
It was a scroll of immolation.
The goblin no longer looks unusually strong.
The goblin hits you but does no damage. x2
The giant cockroach bites you but does no damage.
The giant cockroach bites you.
* * * LOW HITPOINT WARNING * * *
The giant cockroach waves its antennae.
The giant cockroach completely misses you.
Robin roars a battlecry!
The goblin goes into a battle-frenzy!
The giant cockroach misses you. The goblin barely misses you.
The giant cockroach bites you but does no damage.
The giant cockroach misses you. You furiously retaliate!
You headbutt the giant cockroach, but do no damage.
The giant cockroach completely misses you.
You furiously retaliate!
You headbutt the giant cockroach.
You kill the giant cockroach!
Trog accepts your kill. The goblin misses you.
There is a stone staircase leading up here.
The goblin hits you but does no damage. The gnoll barely misses you.
The goblin hits you with a +0 club.
* * * LOW HITPOINT WARNING * * *
You climb upwards.
There is a stone staircase leading down here.
You closely miss the goblin. The goblin misses you. You furiously retaliate!
You headbutt the goblin.
Flame seeps out of the goblin.
You hit the goblin. Trog accepts your kill.
The goblin explodes!
The fiery explosion engulfs you!!
You die...

#.....#..# #..## #.....
#.....#..# #########.### #.....
#######..###.....#.....###.....
#..##.............##..... ##
#..#...............#..... .###
#..................#.....
...######..#...............#>(...
##...#.....#...............#...#.
#......†.#.#..§§@..........#...#.
.......###....§°§..........#...#.
......(.#####.§§..........##.....
...............................##
...........###..############...#
#.....####....#.# #...# .......#
####...# #...# .......# ##..#
#...# .......# #### #####


There were no monsters in sight!

Vanquished Creatures
  Terence (D:2)
  Natasha (thrice) (D:2)
  3 gnolls
  An adder (D:2)
  A worm (D:2)
  3 dart slugs
  9 bats
  3 endoplasms
  2 giant cockroaches (D:3)
  10 goblins
  5 hobgoblins
  2 quokkas (D:1)
  4 ball pythons
  5 frilled lizards
  A kobold (D:2)
  4 rats
57 creatures vanquished.

Notes
Turn   | Place    | Note
-------+----------+-------------------------------------------
     0 | D:1      | boopmooplesden the Minotaur Berserker began the quest for
                  | the Orb.
     0 | D:1      | Reached XP level 1. HP: 19/19 MP: 0/0
   114 | D:1      | Reached XP level 2. HP: 26/27 MP: 1/1
   643 | D:1      | Found Teczy's Magic Scroll Boutique.
   649 | D:1      | Reached XP level 3. HP: 34/34 MP: 2/2
   652 | D:1      | Bought a scroll of identify for 22 gold pieces
   717 | D:1      | Found Hacetias's Assorted Antiques.
   869 | D:1      | Found Fiuvod's Antique Armour Boutique.
   972 | D:1      | Found Ytogasej's Book Shoppe.
  1090 | D:2      | Reached ** piety under Trog
  1179 | D:2      | Noticed Natasha
  1193 | D:2      | Killed Natasha
  1195 | D:2      | Reached XP level 4. HP: 29/41 MP: 3/3
  1374 | D:2      | Noticed Terence
  1379 | D:2      | Killed Terence
  1407 | D:2      | Reached skill level 5 in Long Blades
  1408 | D:2      | Reached skill level 5 in Fighting
  1581 | D:2      | Noticed Natasha
  1590 | D:2      | Killed Natasha
  1591 | D:2      | Reached XP level 5. HP: 40/48 MP: 4/4
  1870 | D:2      | Noticed Natasha
  1883 | D:2      | Killed Natasha
  1930 | D:3      | Noticed Robin
  1957 | D:2      | Killed by an exploding goblin... ignited by their inner
                  | flame

Illustrated notes

Levels and vault maps discovered:
D:1:      psy_arrival_terrarium, layout_loops_ring, serial_shops,
          nicolae_square_shop, shop, shop, nicolae_diamond_shop
D:2:      layout_rooms, uniq_natasha, uniq_terence
D:3:      layout_loops_ring, minmay_misc_feat_chi, minmay_misc_feat_roman,
          minmay_pentomino_pile, uniq_robin, uniq_grinder

Skill      XL: |  1  2  3  4 |
---------------+-------------+-----
Fighting       | 4 5 |  5.1
Long Blades    | 4 5 |  5.7
Armour         | 3 |  3.6
Dodging        | |  2.6
Stealth        | |  0.1

Action                   |  1- 3 |  4- 6 || total
-------------------------+-------+-------++-------
Melee: Falchion          |    60 |    46 ||   106
       Headbutt          |     9 |     9 ||    18
       Punch             |     1 |     1 ||     2
Invok: Berserk           |       |     2 ||     2
  Use: Scroll            |     4 |     2 ||     6
Armor: Animal skin       |     9 |       ||     9
       Scale mail        |       |    28 ||    28
Dodge: Dodged            |    43 |    59 ||   102
